 Dungeon Crawl Stone Soup version 0.18-a0-705-g580043c (webtiles) character file.

3794 Raultor the Grappler (level 9, -14/89 HPs)
             Began as a Troll Monk on Dec 7, 2015.
             Was a Believer of the Shining One.
             Demolished by an elephant simulacrum (23 damage)
             ... in an ice cave.
             The game lasted 00:20:21 (7111 turns).

Raultor the Grappler (Troll Monk)                   Turns: 7111, Time: 00:20:21

Health: -14/89     AC:  8    Str: 23    XL:     9   Next: 96%
Magic:  8/8        EV:  7    Int:  6    God:    the Shining One [**....]
Gold:   450        SH:  0    Dex: 13    Spells: 0 memorised, 8 levels left

rFire  . . .     SeeInvis .       - Unarmed
rCold  . . .     Clarity  .     a - +0 robe
rNeg   + . .     SustAt   +     (no shield)
rPois  +         Gourm    +     (helmet restricted)
rElec  .         Spirit   .     m - +2 cloak {MR+}
rCorr  .         Dismiss  .     (gloves unavailable)
rMut   .         Stasis   .     (boots unavailable)
MR     +....                    (no amulet)
Stlth  +.........               X - ring of poison resistance {rPois, !d}
                                J - ring of sustain attributes

@: glowing, somewhat resistant to hostile enchantments, very unstealthy
A: unfitting armour, claws 3, fast metabolism 3, gourmand, regeneration 2,
shaggy fur 1, tough skin 2
a: Divine Shield, Renounce Religion


You were in an ice cave.
You worshipped the Shining One.
The Shining One was pleased with you.
You were completely stuffed.

You visited 3 branches of the dungeon, and saw 10 of its levels.
You also visited: Ossuary and Ice Cave.

You collected 450 gold pieces.

Inventory:

Hand Weapons
 n - a +3 spear
   (You took it off a gnoll on level 2 of the Dungeon)
 R - a +2 whip of flaming
   (You took it off Pikel on level 7 of the Dungeon)
Missiles
 f - 205 stones (quivered)
 k - 2 tomahawks of returning
Armour
 a - a +0 robe (worn)
 m - a +2 cloak of magic resistance (worn)
   (You took it off Crazy Yiuf on level 2 of the Dungeon)
Jewellery
 I - a -2 ring of strength
   (You found it on level 5 of the Dungeon)
 J - a ring of sustain attributes (left claw)
   (You found it on level 5 of the Dungeon)
 L - an uncursed ring of flight {+Fly, !d}
   (You found it on level 5 of the Dungeon)
 O - an uncursed ring of positive energy {rN+}
   (You found it on level 6 of the Dungeon)
 Q - an uncursed ring of teleportation {+/*tele, !d}
   (You found it on level 7 of the Dungeon)
 X - a ring of poison resistance (right claw) {rPois, !d}
   (You found it on level 1 of the Lair of Beasts)
Wands
 p - a wand of paralysis (13)
   (You found it on level 7 of the Dungeon)
 t - a wand of fireball (2)
   (You took it off Sigmund on level 3 of the Dungeon)
 x - a wand of invisibility (6)
   (You found it on level 3 of the Dungeon)
 S - a wand of paralysis (10)
   (You found it on level 7 of the Dungeon)
 U - a wand of magic darts (33)
   (You found it on level 8 of the Dungeon)
 V - a wand of fire (2)
   (You took it off an orc on level 8 of the Dungeon)
Scrolls
 c - 15 scrolls of identify {unknown}
 d - 3 scrolls of amnesia {unknown}
 e - 3 scrolls of random uselessness {unknown}
 g - a scroll of enchant armour {unknown}
 i - 2 scrolls of enchant weapon {unknown}
 j - 2 scrolls of remove curse
 l - a scroll of immolation {unknown}
 r - a scroll of fog {unknown}
 u - a scroll of magic mapping {unknown}
 v - 4 scrolls of recharging {unknown}
 y - 7 scrolls of teleportation
 H - 2 scrolls of noise {unknown}
 M - a scroll of fear {unknown}
Potions
 h - a potion of degeneration {unknown}
 o - 2 potions of poison {unknown}
 q - 2 potions of haste {unknown}
 z - 8 potions of curing {unknown}
 A - 4 potions of ambrosia {unknown}
 B - 3 potions of cure mutation {unknown}
 C - a potion of cancellation {unknown}
 D - 2 potions of might {unknown}
 E - a potion of mutation {unknown}
 F - 2 potions of brilliance {unknown}
 G - 2 potions of flight {unknown}
 K - 3 potions of heal wounds {unknown}
 P - 2 potions of agility {unknown}
Books
 W - a book of Burglary
   (You found it on level 1 of the Lair of Beasts)
Comestibles
 b - 5 bread rations {@e1}
 s - 3 beef jerkies
 w - a slice of pizza
 N - a meat ration {@e2}
 T - 3 chunks of flesh {@w0}


   Skills:
 + Level 6.1 Fighting
 + Level 4.1 Throwing
 - Level 1.6 Armour
 + Level 6.0 Dodging
 - Level 1.1 Stealth
 * Level 10.2 Unarmed Combat


You had 8 spell levels left.
You didn't know any spells.

Dungeon Overview and Level Annotations

Branches:
Dungeon (8/15)             Temple (1/1) D:6            Lair (1/8) D:8

Altars:
Ashenzari
Cheibriados
Dithmenos
Elyvilon
Fedhas
Gozag
Kikubaaqudgha
Makhleb
Nemelex Xobeh
Okawaru
Pakellas
Qazlal
Ru
Sif Muna
Trog
Vehumet
Xom
Yredelemnul
Zin
The Shining One


Innate Abilities, Weirdness & Mutations

You are too large for most types of armour.
You have claws for hands.
Your metabolism is lightning-fast.
You like to eat raw meat.
You heal very quickly.
You are covered in fur (AC +1).
You have very tough skin (AC +2).


Message History

You mangle the ice beast!!
The ice beast hits you but does no damage. x2
You claw the ice beast!
You kill the ice beast!
You barely miss the ice beast.
The ice beast hits you but does no damage.
You mangle the ice beast!! The ice beast misses you. The ice beast hits you.
The ice beast freezes you!
You take 14 damage, and have 75/89 hp.
You scratch the ice beast. The ice beast barely misses you.
The ice beast hits you. The ice beast freezes you!
You take 9 damage, and have 66/89 hp.
You mangle the ice beast!!
You kill the ice beast!
The ice beast hits you. The ice beast freezes you!
You take 9 damage, and have 57/89 hp.
You scratch the ice beast. Your claw misses the ice beast.
The ice beast barely misses you. x2
You completely miss the ice beast. You claw the ice beast!
The ice beast hits you but does no damage.
The ice beast hits you. The ice beast freezes you!
You take 14 damage, and have 43/89 hp.
You are too injured to fight recklessly!
You are too injured to fight recklessly!
You are too injured to fight recklessly!
You scratch the ice beast.
The ice beast hits you but does no damage.
You barely miss the ice beast. The ice beast closely misses you.
You claw the ice beast!
You scratch the ice beast but do no damage.
The ice beast hits you. The ice beast freezes you!
You take 14 damage, and have 40/89 hp.
You mangle the ice beast!!
You kill the ice beast!
Your Unarmed Combat skill increases to level 10!
The ice beast misses you.
Some of the chunks of flesh in your inventory have rotted away.
You barely miss the ice beast. You claw the ice beast!
You mangle the ice beast!!
You kill the ice beast!
Your Fighting skill increases to level 6!
You hear the crackling of a distant melting archway.
You scratch the ice beast.
The ice beast hits you but does no damage.
You barely miss the ice beast.
The ice beast hits you but does no damage.
You claw the ice beast! Your claw misses the ice beast. You claw the ice beast!
You kill the ice beast!
You scratch the ice beast.
The ice beast hits you but does no damage.
You scratch the ice beast but do no damage.
The ice beast hits you but does no damage.
You scratch the ice beast. The ice beast misses you.
You scratch the ice beast. You claw the ice beast!
You kill the ice beast!
Your Throwing skill increases to level 4!
You scratch the ice beast but do no damage.
The ice beast completely misses you.
You claw the ice beast! The ice beast barely misses you.
You claw the ice beast! The ice beast misses you.
You mangle the ice beast!!
You kill the ice beast!
You mangle the ice beast!! The ice beast barely misses you.
You scratch the ice beast. The ice beast barely misses you.
You claw the ice beast!
You kill the ice beast!
Your Dodging skill increases to level 6!
Eating one of 4 chunks of flesh {@w0}.
This raw flesh tastes great.
You continue eating. x2
A porcupine comes into view.
The porcupine twitches its whiskers.
You regained 14 hp, and now have 66/89 hp.
There is a frozen archway here.
The world spins around you as you enter the gateway.
You enter an ice cave! 4 simulacra come into view.
Found an ice covered gate leading back out of this place.
There is an ice choked empty arch of ancient stone here.
Unknown command.
There is an ice choked empty arch of ancient stone here.
There is an ice covered gate leading back out of this place here.
You scratch the swamp dragon simulacrum but do no damage.
The polar bear simulacrum closely misses you.
The polar bear simulacrum claws you. The polar bear simulacrum freezes you!
The polar bear simulacrum claws you. The polar bear simulacrum freezes you!
The swamp dragon simulacrum closely misses you.
The swamp dragon simulacrum claws you.
The swamp dragon simulacrum freezes you!!
* * * LOW HITPOINT WARNING * * *
The swamp dragon simulacrum tramples you but does no damage.
You take 61 damage, and have 12/89 hp.
MASSIVE DAMAGE!!
The polar bear simulacrum barely misses you.
The polar bear simulacrum claws you but does no damage.
The polar bear simulacrum barely misses you.
The elephant simulacrum tramples you.
* * * LOW HITPOINT WARNING * * *
The elephant simulacrum freezes you!!
You die...

#### ##..##
##....###
#..Z....##...
#.@ZZ.......#
#..Z.......##
##....##..##
##..## ##
####


You could see an elephant simulacrum, 2 polar bear simulacra and a swamp dragon
simulacrum.

Vanquished Creatures
  Pikel (D:7)
  Sigmund (D:3)
  2 orc warriors (D:7)
  A porcupine (Lair:1)
  A sky beast (D:8)
  A black bear (D:7)
  2 ogres
  8 ice beasts (Lair:1)
  A phantom (D:4)
  A slave (D:7)
  2 centaurs
  2 giant frogs (D:7)
  2 water moccasin zombies (Ossuary)
  A wyvern skeleton (D:8)
  A water moccasin skeleton (D:6)
  5 scorpions
  4 crimson imps
  2 orc priests
  2 jellies
  An orc wizard (D:8)
  2 hounds
  Crazy Yiuf (D:2)
  A worker ant (D:6)
  A giant frog skeleton (D:5)
  5 iguanas
  2 big kobold zombies (Ossuary)
  2 hound zombies (D:6)
  3 mummies
  A worker ant zombie (D:7)
  3 gnolls (D:2)
  9 adders
  A shadow imp (D:6)
  An ooze (D:4)
  6 adder zombies
  A worm (D:4)
  6 giant geckos
  23 orcs
  7 bats
  5 giant cockroaches
  8 goblins
  8 hobgoblins
  8 jackals
  4 quokkas
  A ball python (D:3)
  4 giant newts
  3 gnoll zombies (Ossuary)
  2 goblin zombies (D:7)
  4 hobgoblin zombies
  8 kobolds
  2 kobold skeletons (D:7)
  9 kobold zombies (Ossuary)
  2 orc skeletons (D:7)
  7 orc zombies (Ossuary)
  7 rats
  2 fungi
  A plant (D:8)
201 creatures vanquished.

Vanquished Creatures (others)
  A slave (D:7)
  A wyvern skeleton (D:7)
  An orc (D:8)
3 creatures vanquished.

Grand Total: 204 creatures vanquished

Notes
Turn   | Place    | Note
--------------------------------------------------------------
     0 | D:1      | Raultor the Troll Monk began the quest for the Orb.
     0 | D:1      | Reached XP level 1. HP: 22/22 MP: 0/0
   366 | D:1      | Reached XP level 2. HP: 29/29 MP: 1/1
  1024 | D:2      | Reached XP level 3. HP: 32/36 MP: 2/2
  1051 | D:2      | Reached skill level 1 in Armour
  1105 | D:2      | Found a bloodstained altar of Trog.
  1194 | D:2      | Reached XP level 4. HP: 44/44 MP: 3/3
  1452 | D:2      | Noticed Crazy Yiuf
  1459 | D:2      | Killed Crazy Yiuf
  1703 | D:3      | Reached skill level 5 in Unarmed Combat
  1735 | D:3      | Reached skill level 3 in Fighting
  1776 | D:3      | Reached XP level 5. HP: 50/53 MP: 4/4
  1789 | D:3      | Noticed Sigmund
  1971 | D:3      | Killed Sigmund
  1971 | D:3      | Reached skill level 3 in Dodging
  1971 | D:3      | Reached XP level 6. HP: 40/61 MP: 5/5
  2380 | D:4      | Reached skill level 6 in Unarmed Combat
  2703 | D:4      | Found a sand-covered staircase.
  2714 | Ossuary  | Entered an ossuary
  2771 | Ossuary  | Reached XP level 7. HP: 68/68 MP: 6/6
  2879 | Ossuary  | Reached skill level 4 in Fighting
  2979 | D:4      | Reached skill level 4 in Dodging
  3516 | D:5      | Entered Level 5 of the Dungeon
  3597 | D:5      | Reached skill level 7 in Unarmed Combat
  4078 | D:5      | Found an iron altar of Okawaru.
  4219 | D:5      | Reached XP level 8. HP: 79/79 MP: 7/7
  4649 | D:6      | Found a staircase to the Ecumenical Temple.
  4667 | Temple   | Entered the Ecumenical Temple
  4957 | D:6      | Reached skill level 8 in Unarmed Combat
  4980 | D:6      | Found a radiant altar of Vehumet.
  5292 | D:7      | Found a glowing golden altar of the Shining One.
  5299 | D:7      | Reached skill level 1 in Throwing
  5310 | D:7      | Became a worshipper of the Shining One
  5310 | D:7      | Reached * piety under the Shining One
  5310 | D:7      | Reached ** piety under the Shining One
  5412 | D:7      | Reached skill level 5 in Fighting
  5490 | D:7      | Reached skill level 5 in Dodging
  5563 | D:7      | Noticed Pikel
  5601 | D:7      | Killed Pikel
  5601 | D:7      | Reached skill level 2 in Throwing
  5601 | D:7      | Reached skill level 9 in Unarmed Combat
  5601 | D:7      | Reached XP level 9. HP: 77/88 MP: 8/8
  5972 | D:7      | Found an ancient bone altar of Kikubaaqudgha.
  6345 | D:8      | Reached skill level 3 in Throwing
  6457 | D:8      | HP: 19/88 [orc/wand of fire (20)]
  6461 | D:8      | The Shining One protects you from harm!
  6469 | D:8      | Found an opulent altar of Gozag.
  6469 | D:8      | Found a sparkling altar of Nemelex Xobeh.
  6582 | D:8      | Found a snail-covered altar of Cheibriados.
  6642 | D:8      | Found a staircase to the Lair.
  6849 | Lair:1   | Entered Level 1 of the Lair of Beasts
  7015 | Lair:1   | Found a frozen archway.
  7054 | Lair:1   | Reached skill level 10 in Unarmed Combat
  7057 | Lair:1   | Reached skill level 6 in Fighting
  7065 | Lair:1   | Reached skill level 4 in Throwing
  7072 | Lair:1   | Reached skill level 6 in Dodging
  7102 | IceCv    | Entered an ice cave
  7110 | IceCv    | HP: 12/89 [swamp dragon simulacrum (21)]
  7111 | IceCv    | Demolished by an elephant simulacrum

Vault maps used:
D:1:      dpeg_arrival_pits
D:2:      lemuel_upstairs_altar, overflow_temple_1_default, minmay_quantized,
          uniq_crazy_yiuf_cottage
D:3:      first_bread, uniq_sigmund
D:4:      gup_ossuary_entry_pyramid
D:5:      overflow_temple_1_default
D:6:      overflow_temple_1_default, minmay_temple_entry_water_ring,
          kennysheep_decorative_pillar, serial_park_tiny_1
D:7:      nicolae_tso_besieged_by_evil, lemuel_coloured_pillars_altar,
          dk_rats_in_the_wall, uniq_pikel
D:8:      gammafunk_temple_overflow_claw, dpeg_oklobed_lair
Temple:   circular_temple_12
Lair:1:   portal_ice_cave_entry_ice_beasts
Ossuary:  ossuary_tomb_2
IceCv:    ice_cave_small_necro

Action                   |  1- 3 |  4- 6 |  7- 9 || total
-------------------------+-------+-------+-------++-------
Melee: Unarmed           |    82 |   123 |   409 ||   614
  Use: Scroll            |       |       |     3 ||     3
 Stab: Sleeping          |     1 |     1 |       ||     2
  Eat: Chunk             |    16 |     4 |    42 ||    62
       Bread ration      |       |     1 |     1 ||     2

Vault maps used:
D:1:      dpeg_arrival_pits
D:2:      lemuel_upstairs_altar, overflow_temple_1_default, minmay_quantized,
          uniq_crazy_yiuf_cottage
D:3:      first_bread, uniq_sigmund
D:4:      gup_ossuary_entry_pyramid
D:5:      overflow_temple_1_default
D:6:      overflow_temple_1_default, minmay_temple_entry_water_ring,
          kennysheep_decorative_pillar, serial_park_tiny_1
D:7:      nicolae_tso_besieged_by_evil, lemuel_coloured_pillars_altar,
          dk_rats_in_the_wall, uniq_pikel
D:8:      gammafunk_temple_overflow_claw, dpeg_oklobed_lair
Temple:   circular_temple_12
Lair:1:   portal_ice_cave_entry_ice_beasts
Ossuary:  ossuary_tomb_2
IceCv:    ice_cave_small_necro

Table legend:
 A = Turns spent in this place as a percentage of turns spent in the entire game.
 B = Non-inter-level travel turns spent in this place as a percentage of non-inter-level travel turns spent in the entire game.
 C = Inter-level travel turns spent in this place as a percentage of turns spent in this place.
 D = Turns resting spent in this place as a percentage of non-inter-level travel turns spent in this place.
 E = Turns spent auto-exploring this place as a percentage of non-inter-level travel turns spent in this place.
 F = Non-inter-level travel turns spent in this place divided by the number of levels of this place that you've seen.
                   A       B       C       D       E      F
               +-------+-------+-------+-------+-------+----------------------
         Total | 100.0 | 100.0 |   0.6 |   0.5 |  14.0 | 144.1
       Dungeon |  83.7 |  83.7 |   0.6 |   0.6 |  13.9 | 181.0
        Temple |   0.7 |   0.6 |   8.3 |   0.0 |  81.8 |  11.0
          Lair |   6.0 |   6.0 |   1.0 |   0.0 |   4.9 | 103.0
       Ossuary |   9.0 |   9.1 |   0.0 |   0.0 |  17.2 | 157.0
      Ice Cave |   0.6 |   0.6 |   0.0 |   0.0 |   0.0 |  10.0
               +-------+-------+-------+-------+-------+----------------------

Table legend:
 A = Kills in this place as a percentage of kills in entire the game.
 B = Kills by you in this place as a percentage of kills by you in the entire game.
 C = Kills by friends in this place as a percentage of kills by friends in the entire game.
 D = Other kills in this place as a percentage of other kills in the entire game.
 E = Experience gained in this place as a percentage of experience gained in the entire game.
 F = Experience gained in this place divided by the number of levels of this place that you have seen.
                   A       B       C       D       E      F
               +-------+-------+-------+-------+-------+----------------------
         Total | 100.0 | 100.0 |  -nan |  -nan | 100.0 | 451.7
       Dungeon |  77.2 |  77.2 |  -nan |  -nan |  70.0 | 474.0
          Lair |   6.1 |   6.1 |  -nan |  -nan |  24.4 | 1323.0
       Ossuary |  16.8 |  16.8 |  -nan |  -nan |   5.6 | 305.0
               +-------+-------+-------+-------+-------+----------------------
